[Event "*** Titled Tuesday Blitz"]
[Site "Chess.com"]
[Date "2020.11.10"]
[Round "3"]
[White "zala02"]
[Black "dpopadic"]
[Result "0-1"]
[WhiteElo "2150"]
[BlackElo "2350"]
[TimeControl "180+1"]
[EndTime "10:33:01 PST"]
[Termination "dpopadic won on time"]

1. d4 Nf6 2. c4 g6 3. Nc3 Bg7 4. e4 d6 5. Nf3 O-O 6. Be2 e5 7. O-O Na6 8. Be3 Ng4 9. Bg5 Qe8 10. d5 f5 11. Nd2 Nf6 12. f3 Nh5 13. a3 Nf4 14. Bxf4 exf4 15. Qc2 Bd7 16. Kh1 Qf7 17.
b4 Kh8 18. Rac1 Rae8 19. Bd3 Nb8 20. c5 Be5 21. Rfe1 Bc8 22. Nb5 a6 23. Nc3 Nd7 24. cxd6 cxd6 25. a4 Nf6 26. b5 Nh5 27. bxa6 bxa6 28.
Nc4 Qg7 29. Nxe5 Rxe5 30. a5 Qh6 31. Kg1 Ng3 32. hxg3 fxg3 33. Ne2 Qh2+ 34. Kf1 fxe4 35. Bxe4 Bf5 36. Ng1 h5 37. Bxf5 Rexf5 38. Re3 h4 39. Qc3+ Kh7 40. Re7+ R5f7 41. Rxf7+ Rxf7 42. Qe3 Qh1 43.
Qg5 Kg7 44. Qg4 Qh2 45. Qh3 Rf5 46. Rc3 Rxd5 47. Qd7+ Kh6 48. Rc7 Rd1+ 49. Ke2 Qxg2+ 50. Kxd1 Qxg1+ 51. Ke2 Qf2+ 52. Kd1 Qxf3+ 53. Kd2 g2 54. Qg7+ Kg5 55. Qe7+ Kg4 56. Qe6+ Kg3 57. Qxg6+ Kh2 58. Rc1 Qf4+ 59. Ke2 Qxc1 60. Qxd6+ Kh1 61. Qd5 Qf1+ 62. Ke3 Qe1+ 63. Kf4 Qf2+ 64. Kg4 Qg3+ 65. Kh5 Kh2 0-1

[Event "*** Titled Tuesday Blitz"]
[Site "Chess.com"]
[Date "2020.11.10"]
[Round "3"]
[White "Zq1"]
[Black "Anaj14"]
[Result "1-0"]
[WhiteElo "2547"]
[BlackElo "2342"]
[TimeControl "180+1"]
[EndTime "10:33:02 PST"]
[Termination "Zq1 won by resignation"]

1. d4 d5 2. c4 c6 3. cxd5 cxd5 4.
Bg5 Nc6 5. Nc3 Nf6 6. Bxf6 exf6 7. e3 Bb4 8. Ne2 O-O 9. g3 Bf5 10. Bg2 Be4 11. O-O Bxg2 12. Kxg2 Rc8 13. Qb3 Bxc3 14.
Nxc3 Ne7 15. Rac1 Qd7 16. Qb5 Qe6 17. h3 a6 18. Qb3 b5 19. a4 Rb8 20. axb5 axb5 21.
Ne2 g5 22. Rc5 b4 23. Rfc1 h5 24. Qd3 Kg7 25. Ng1 Rfc8 26. Nf3 Rxc5 27. Rxc5 Qe4 28. Qxe4 dxe4 29. Nd2 f5 30. g4 hxg4 31. hxg4 fxg4 32. Rxg5+ Kf8 33. Nxe4 f5 34. Nd6 Ra8 35. Nxf5 Ra2 36. Nxe7 Kxe7 37. Rxg4 Rxb2 38. Rg7+ Kd6 39. Rb7 Kc6 40.
Rb8 Kc7 41. Rb5 Kc6 42. Rc5+ Kb6 43. Kf3 b3 44. Rc8 Kb7 45. Rc4 Kb6 46. Rb4+ Ka5 47. Rb8 Ka4 48. d5 Rd2 49. e4 Ka3 50.
Ke3 Rd1 51. Ke2 Rd4 52. Ra8+ Kb2 53. Ke3 Rd1 54. f4 Kb1 55. f5 b2 56. f6 Re1+ 57.
Kf4 Kc2 58. Rc8+ Kd3 59. Rb8 Rxe4+ 60. Kf5 Rd4 61. Ke5 Re4+ 62. Kd6 Rf4 63. Rxb2 Rxf6+ 64. Ke5 Rf2 65. Rb4 Re2+ 66. Kd6 Kc3 67. Rh4 Rd2 68. Kc6 Rd1 69. d6 Rd2 70. d7 Kb3 71.
Rh8 Kc4 72. d8=Q 1-0

[Event "*** Titled Tuesday Blitz"]
[Site "Chess.com"]
[Date "2020.11.10"]
[Round "3"]
[White "AlphaZ3r0"]
[Black "gumimis"]
[Result "1-0"]
[WhiteElo "2409"]
[BlackElo "2215"]
[TimeControl "180+1"]
[EndTime "10:33:03 PST"]
[Termination "AlphaZ3r0 won by checkmate"]

1. Nf3 Nf6 2. c4 g6 3. g3 Bg7 4. Bg2 O-O 5. O-O c5 6. Nc3 Nc6 7. d4 d5 8. dxc5 dxc4 9. Qa4 Qa5 10. Qxc4 Be6 11. Qb5 Qxb5 12. Nxb5 Rac8 13. Be3 Nd5 14. Bd4 Nxd4 15. Nfxd4 Rxc5 16. Rac1 Rfc8 17. Rxc5 Rxc5 18. Nxe6 fxe6 19. Nxa7 Nb6 20. b4 Rc2 21. Bxb7 Rxa2 22. Nc8 Rxe2 23. Nxb6 Rb2 24. Bc8 Kf7 25. Nd7 Rxb4 26.
Nc5 Bd4 27. Nxe6 Bb6 28. Ng5+ Kg7 29. Re1 Rb2 30. Ne4 e5 31. h4 Bd4 32. Bh3 h6 33. Bg2 Ra2 34. Bf3 Ra3 35. Kg2 Ra2 36. Re2 Ra3 37. Nd2 g5 38. hxg5 hxg5 39. Nc4 Rc3 40. Nxe5 Bxe5 41. Rxe5 Kf6 42. Re4 Rc2 43. g4 Rb2 44.
Kg3 Rb1 45. Rc4 Rg1+ 46. Bg2 Rd1 47. Rc6+ Ke5 48. Rc5+ Kf6 49. Rf5+ Kg6 50. Be4 Rg1+ 51. Kf3 Kh6 52. Rf6+ Kg7 53. Rg6+ Kf7 54. Rxg5 Ra1 55. Rf5+ Kg6 56. Kf4 Rf1 57. f3 Kg7 58. g5 Rg1 59. Rf6 Rg2 60. Rc6 Rh2 61. Kf5 Rh4 62. Rc7+ Kf8 63.
Kf6 Rf4+ 64. Bf5 Kg8 65. Rc8# 1-0

[Event "*** Titled Tuesday Blitz"]
[Site "Chess.com"]
[Date "2020.11.10"]
[Round "3"]
[White "Chigorinetz"]
[Black "Matibar"]
[Result "0-1"]
[WhiteElo "2530"]
[BlackElo "2762"]
[TimeControl "180+1"]
[EndTime "10:33:05 PST"]
[Termination "Matibar won by resignation"]

1. e4 e5 2. Bc4 Nf6 3. d3 Bc5 4. Nc3 d6 5. f4 Nc6 6. Nf3 a6 7.
f5 b5 8. Bb3 Na5 9. Bg5 Nxb3 10. axb3 Bb7 11. Qe2 h6 12. Bh4 g5 13. fxg6 fxg6 14. Bf2 Bxf2+ 15. Qxf2 O-O 16. O-O Kh7 17. Qh4 Qe7 18. Rf2 Ng8 19. Qxe7+ Nxe7 20. b4 g5 21. h3 Kg7 22. Nh2 Rxf2 23. Kxf2 Rf8+ 24. Kg1 Nc6 25.
Nd5 Nd4 26. Nxc7 Rc8 27. c3 Ne2+ 28. Kf2 Nf4 29. g3 Nxd3+ 30. Ke3 Nxb2 31. Nd5 Bxd5 32.
exd5 Rxc3+ 33. Ke4 Na4 34. Ng4 Kg6 35. Ne3 Rb3 36. Rf1 Rxb4+ 37. Kf3 Nc5 38. h4 Rb3 39. Ke2 Ne4 40. Ra1 Nxg3+ 41. Kd2 Nf5 42.
Nxf5 Kxf5 43. hxg5 hxg5 44. Rxa6 g4 45. Rxd6 g3 46.
Rd8 Ke4 47. d6 Rd3+ 48. Ke2 b4 49. Rg8 Rxd6 50. Rg4+ Kf5 51. Rxb4 e4 52. Rb8 Rg6 53. Kf1 Kf4 54. Kg2 Rg5 55. Rb3 Rc5 56. Rb8 Rc2+ 57. Kg1 Kf3 58. Rf8+ Ke2 59. Ra8 e3 60. Kg2 Ke1+ 61.
Kg1 e2 62. Rd8 Rd2 63. Ra8 Kd1 64. Ra1+ Kc2 65. Kg2 Rd1 66. Ra2+ Kd3 67. Ra3+ Kc4 68. Re3 e1=Q 0-1

[Event "*** Titled Tuesday Blitz"]
[Site "Chess.com"]
[Date "2020.11.10"]
[Round "3"]
[White "GalperinPlaton"]
[Black "Piotrek1979"]
[Result "1-0"]
[WhiteElo "2881"]
[BlackElo "2463"]
[TimeControl "180+1"]
[EndTime "10:33:07 PST"]
[Termination "GalperinPlaton won by resignation"]

1. Nf3 Nf6 2. g3 g6 3. Bg2 Bg7 4. O-O d6 5. d4 O-O 6. Nc3 c5 7. h3 Nc6 8. d5 Na5 9. e4 b5 10. e5 Ne8 11. Nxb5 Rb8 12. Nc3 Nc4 13. Re1 Nxb2 14.
Qe2 Qa5 15. Ne4 Bf5 16. Bf4 Bxe4 17. Qxe4 Na4 18. Bd2 Qb5 19. Bf1 Qd7 20. Rab1 Nc7 21.
e6 fxe6 22. dxe6 Qe8 23. Ng5 Rxb1 24. Rxb1 d5 25. Qh4 h6 26. Nf7 Nxe6 27. Nxh6+ Bxh6 28. Bxh6 Rf5 29. Bb5 Qf7 30. Bxa4 Rh5 31. Qg4 Rxh6 32. Re1 Nd4 33. Kg2 Kg7 34. c3 Nf5 35. Re5 Rh5 36. Bb3 Nh4+ 37. Qxh4 Rxe5 38. Qg4 e6 39. Qd1 c4 40.
Bc2 Qf6 41. Qd2 g5 42. f4 gxf4 43. gxf4 Rh5 44. Bd1 Rh6 45. Bg4 Kf8 46. Qe3 Rg6 47. Qc5+ Kg7 48. Qxa7+ Kh6 49. Qe3 Qf5 50. Kf3 Qf6 51.
Kg3 Kg7 52. a3 Rh6 53. a4 Qh4+ 54. Kg2 Rf6 55. a5 Qh6 56. a6 Rxf4 57. Qe5+ Kf7 58. Bxe6+ Kf8 59. Qd6+ Kg7 60. Qe7+ Kh8 61. Bg4 Rxg4+ 62.
hxg4 Qd2+ 63. Kg3 Qe3+ 64. Qxe3 d4 65. Qxd4+ 1-0

[Event "*** Titled Tuesday Blitz"]
[Site "Chess.com"]
[Date "2020.11.10"]
[Round "3"]
[White "Infernal_XaM"]
[Black "juancruzarias"]
[Result "1-0"]
[WhiteElo "2822"]
[BlackElo "2576"]
[TimeControl "180+1"]
[EndTime "10:33:09 PST"]
[Termination "Infernal_XaM won on time"]

1. d4 e6 2. c4 Nf6 3. Nc3 Bb4 4. e3 b6 5. Ne2 Ne4 6. Qc2 Bb7 7. a3 Bxc3+ 8. Nxc3 f5 9. Bd3 Nxc3 10. Qxc3 O-O 11.
O-O d6 12. b4 Nd7 13. Bb2 Qg5 14.
d5 e5 15. f4 Qg6 16. Rf3 Rae8 17. Raf1 Bc8 18. Rg3 Qh6 19. Qc2 g6 20. Bxf5 Nf6 21. Bxg6 Ng4 22. Rxg4 Bxg4 23. Bxe8 Rxe8 24. Qf2 Rf8 25.
Qg3 Qg6 26. h3 Be2 27. Qxg6+ hxg6 28. Re1 Bxc4 29. Rc1 b5 30. fxe5 dxe5 31. Bxe5 Rf5 32. Bxc7 Rxd5 33. a4 a6 34. axb5 axb5 35. Bb6 Rd2 36. Re1 Kf7 37. e4 Ke6 38. Kh2 Rd3 39. Bc5 Rb3 40. Kg1 Rb2 41. Kh2 Rb3 42. Rd1 Ke5 43.
Rd6 Be6 44. Rb6 Bd7 45. Rxg6 Kxe4 46. h4 Kf5 47. Rg5+ Kf6 48. Bd4+ Ke6 49. Bc5 Bc6 50. h5 Kf7 51. g4 Be4 52. Re5 Bc6 53. g5 Rb2+ 54.
Kg3 Rg2+ 55. Kf4 Rh2 56. Re7+ Kg8 57. Kg4 Rg2+ 58. Kf5 Bf3 59. Kg6 Bc6 60. Kh6 1-0

[Event "*** Titled Tuesday Blitz"]
[Site "Chess.com"]
[Date "2020.11.10"]
[Round "3"]
[White "Nikolakis2014"]
[Black "FrenchMonster2002"]
[Result "1-0"]
[WhiteElo "2756"]
[BlackElo "2441"]
[TimeControl "180+1"]
[EndTime "10:33:13 PST"]
[Termination "Nikolakis2014 won by resignation"]

1. Nf3 Nf6 2. c4 g6 3. g3 Bg7 4. Bg2 O-O 5. O-O d6 6. d4 Nc6 7. Nc3 e5 8. dxe5 Nxe5 9. b3 Nxf3+ 10. exf3 Bf5 11. Bb2 c6 12. f4 Qa5 13. a3 Rad8 14. b4 Qc7 15. Rc1 Rfe8 16. Qb3 Ne4 17. Nxe4 Bxe4 18.
Bxg7 Bxg2 19. Kxg2 Kxg7 20. Rfd1 Re6 21. Rd2 Qe7 22.
Rcd1 h5 23. Qf3 Qf6 24. a4 a6 25. b5 axb5 26. axb5 Rc8 27. b6 Ra8 28. f5 gxf5 29. Qxh5 Rd8 30. Qf3 Kf8 31. Qf4 Ke7 32. h4 Qe5 33. Qg5+ Qf6 34. Qf4 Qe5 35. Qf3 Qe4 36.
c5 Qxf3+ 37. Kxf3 d5 38. Ra2 Rd7 39. Rd4 Kf6 40. Ra8 Re4 41. Rxe4 fxe4+ 42. Ke3 Ke5 43. Re8+ Kf5 44. Kd4 Kg4 45. Rc8 Kf3 46. Rc7 Rd8 47.
Rxf7+ Ke2 48. h5 Rh8 49. Rxb7 Kxf2 50. Rf7+ Ke2 51. b7 Rb8 52. h6 Kd2 53. h7 e3 54.
Re7 e2 55. Rxe2+ Kxe2 56. g4 Kf3 57. g5 Kf4 58. g6 Rxb7 59. h8=Q Rb4+ 60. Kd3 Rb3+ 61.
Kc2 Rg3 62. Qf6+ Ke4 63. g7 Rg2+ 64. Kb3 Rg3+ 65. Kb4 Rg4 66. Ka5 d4 67. Qe6+ Kf4 68.
Qxg4+ Kxg4 69. g8=Q+ Kf4 70. Qe6 d3 71. Qxc6 d2 72.
Qd6+ Ke3 73. c6 Ke2 74. c7 d1=Q 75. Qxd1+ Kxd1 1-0

[Event "*** Titled Tuesday Blitz"]
[Site "Chess.com"]
[Date "2020.11.10"]
[Round "3"]
[White "PawnEatingZombie"]
[Black "Vamostodorecto"]
[Result "0-1"]
[WhiteElo "2171"]
[BlackElo "2351"]
[TimeControl "180+1"]
[EndTime "10:33:13 PST"]
[Termination "Vamostodorecto won by resignation"]

1. d4 Nf6 2. c4 g6 3. Nc3 d5 4. cxd5 Nxd5 5. e4 Nb6 6. Nf3 Bg7 7. h3 O-O 8. Be2 Nc6 9. Be3 f5 10. Qb3+ Kh8 11. exf5 Bxf5 12. Rd1 a5 13. Ng5 Qe8 14. a4 Nb4 15. O-O Bc2 16. Qa3 Bxd1 17. Rxd1 Nc2 18. Qb3 Nxe3 19. fxe3 e5 20. Nb5 Qe7 21. h4 exd4 22. Ne6 dxe3 23. Nbxc7 Qxh4 24. Qxe3 Nxa4 25. Nxa8 Rxa8 26. Nxg7 Kxg7 27. Rd4 Qe1+ 28. Kh2 Nb6 29. Qe7+ Kg8 30. Bc4+ Nxc4 31. Qxe1 b5 32. Qe6+ Kg7 33.
Rd7+ Kh6 34. Qh3+ Kg5 35. Rd5+ Kf6 36. Qf3+ Ke6 37. Rxb5 Rc8 38. Qd5+ Kf6 39. Rb7 Ne5 40. Qd6+ Kf5 41. Rb5 Re8 42. Rxa5 Ke4 43. Ra4+ Kf5 44. Ra5 h5 45. Qd5 Kf4 46. Qd4+ Kf5 47. Qd3+ Kf4 48. Ra4+ Kg5 49. Qe3+ Kf6 50. Qf4+ Kg7 51. Ra5 Ng4+ 52. Kg3 Re3+ 53. Qxe3 Nxe3 54. b4 Kf6 55. Ra7 Nd5 56.
Kf3 g5 57. b5 Ke5 58. Ra6 g4+ 59. Ke2 Nf4+ 60. Kd2 Nxg2 61. b6 Kd6 62. b7+ Kc7 63. Rb6 Kb8 64. Rb2 h4 65. Ke2 Nf4+ 66. Kf2 Nd3+ 67.
Kg2 Nxb2 0-1

[Event "*** Titled Tuesday Blitz"]
[Site "Chess.com"]
[Date "2020.11.10"]
[Round "3"]
[White "Parhamov"]
[Black "oskariot"]
[Result "1-0"]
[WhiteElo "2944"]
[BlackElo "2693"]
[TimeControl "180+1"]
[EndTime "10:33:14 PST"]
[Termination "Parhamov won by resignation"]

1. d4 Nf6 2. Nf3 c5 3. d5 g6 4. c4 b5 5. cxb5 a6 6. b6 Qxb6 7. Nc3 d6 8. e4 Bg7 9. Nd2 O-O 10. Nc4 Qc7 11. a4 Nbd7 12. a5 Rb8 13. Be2 Ne8 14.
O-O Qa7 15. f4 Nc7 16. Be3 Nb5 17. Qd3 Nd4 18. Bd1 Rb4 19. h3 Qb8 20. Ba4 f5 21. exf5 Nf6 22. Nb6 Bxf5 23. Qxa6 Rxb2 24. Bc1 Rb4 25.
Ba3 Ne4 26. Bxb4 cxb4 27. Nxe4 Bxe4 28. Rae1 Bf5 29. Qc4 b3 30. Rxe7 Bf6 31. Ree1 b2 32. Qb4 b1=Q 33. Rxb1 Bxb1 34. Qxb1 Ne2+ 35. Kh2 Nc3 36.
Qb4 Nxa4 37. Qxa4 Qc7 38. Qc6 Qe7 39. Nd7 Rf7 40. Nxf6+ Qxf6 41. a6 g5 42. Qc8+ Kg7 43. Qe6 gxf4 44. Qxf6+ Rxf6 45. a7 Rf8 46. Rxf4 Ra8 47.
Ra4 Kf6 48. g4 Ke5 49. Ra5 Kd4 50. Kg3 Kc4 51. Kf4 Kb4 52. Ra6 Kb5 53. Rxd6 Rxa7 54. Ke5 Kc5 55. Rc6+ Kb5 56. Rh6 Re7+ 57. Kd6 Rg7 58. Ke6 Kc5 59. d6 Kc6 60. Rf6 Rd7 61. Ke5 Kc5 62. Rh6 Kc6 63. g5 Kc5 64. h4 Rf7 65. Ke6 Rf2 66. d7 Re2+ 67. Kf7 Rf2+ 68. Ke7 Rd2 69. d8=Q 1-0

[Event "*** Titled Tuesday Blitz"]
[Site "Chess.com"]
[Date "2020.11.10"]
[Round "3"]
[White "JoliyRoger"]
[Black "tvjosue"]
[Result "0-1"]
[WhiteElo "2375"]
[BlackElo "2574"]
[TimeControl "180+1"]
[EndTime "10:33:14 PST"]
[Termination "tvjosue won on time"]

1. Nf3 c5 2. c4 Nc6 3. Nc3 g6 4. e3 Bg7 5. d4 Nf6 6. d5 Na5 7. e4 O-O 8. h3 d6 9. Bd3 a6 10. Bd2 Rb8 11. a3 b5 12. cxb5 c4 13. Bc2 axb5 14. O-O Nd7 15. Re1 Nc5 16. Be3 Nab3 17.
Rb1 Bd7 18. Nd4 b4 19. axb4 Rxb4 20. Bxb3 cxb3 21. Rc1 Qa8 22. Qd2 Rfb8 23. Red1 Qb7 24. f3 Ra8 25. Kh1 Rb6 26. Bh6 Bh8 27. Bg5 Be8 28.
Be3 Rba6 29. Nc6 e5 30. Bxc5 dxc5 31. Qe2 Bg7 32. Qc4 Bh6 33. Rb1 Be3 34. Nxe5 Qc7 35. Ng4 Bf4 36. e5 Bxe5 37. Nxe5 Qxe5 38. Ne4 Ra2 39.
Qxb3 f5 40. Qc3 Qxc3 41. Nxc3 R2a7 42. Ne2 Rb8 43. h4 Ra4 44. Nc3 Rxh4+ 45. Kg1 Rd4 46. Re1 Bf7 47. Re5 Rd3 48. Ree1 Kf8 49. Rbd1 Rxd1 50.
Rxd1 Rxb2 51. d6 Ke8 52. Na4 Rb5 53. d7+ Kd8 54. Nc3 Rb7 55. Na4 Rc7 56. Rc1 c4 57.
Nb6 Rc6 58. Na4 Kxd7 59. Nc3 Rd6 60. Kf2 Rd2+ 61. Kg3 g5 62. Rh1 h5 63. Rc1 h4+ 64.
Kh2 Kd6 65. Nb5+ Kc5 66. Nc3 g4 67. fxg4 fxg4 68. Kg1 Bd5 69. Kf1 g3 70. Ne2 Bxg2+ 71. Kxg2 Rxe2+ 72. Kf3 Rh2 73. Rh1 Rf2+ 0-1

[Event "*** Titled Tuesday Blitz"]
[Site "Chess.com"]
[Date "2020.11.10"]
[Round "3"]
[White "NewBornNow"]
[Black "ViditYT"]
[Result "1/2-1/2"]
[WhiteElo "2648"]
[BlackElo "2874"]
[TimeControl "180+1"]
[EndTime "10:33:19 PST"]
[Termination "Game drawn by repetition"]

1. e4 c5 2. Nf3 d6 3. d4 cxd4 4. Nxd4 Nf6 5. Nc3 Nc6 6. Bg5 e6 7. Qd2 a6 8. O-O-O Bd7 9. f3 Be7 10. Be3 b5 11. Nxc6 Bxc6 12. Ne2 Bb7 13. Nd4 O-O 14.
Kb1 Nd7 15. g4 d5 16. exd5 Bxd5 17. Be2 Ne5 18. Rhe1 Bh4 19. Rf1 Nc4 20. Bxc4 Bxc4 21. Rg1 Be7 22. Nc6 Qc7 23. Qd7 Qxd7 24. Rxd7 Bh4 25.
g5 h6 26. b3 Bd5 27. Ne7+ Kh7 28. Nxd5 exd5 29. gxh6 g5 30. f4 gxf4 31. Bxf4 Bf6 32. Rxd5 Rad8 33. Rf5 Bc3 34. Rf1 f6 35. a3 Rd7 36. Rc5 Bd4 37. Rc6 Rfd8 38. Rd1 a5 39. Rc7 Rxc7 40. Bxc7 Rc8 41. Bxa5 Be5 42. Bd2 Rd8 43.
Kc1 Ra8 44. Bb4 Kxh6 45. Rd5 Rb8 46. h3 Kg6 47. Kd2 Kf5 48. Kd3 Ke6 49. Rc5 Rh8 50.
Rxb5 Rxh3+ 51. Kc4 Rh4+ 52. Kc5 Bd4+ 53. Kc6 f5 54.
Rb8 f4 55. Re8+ Kf5 56. c3 Bf6 57. Bc5 Bxc3 58. Rf8+ Ke4 59. b4 f3 60. b5 Rh6+ 61. Kb7 Rh7+ 62. Ka6 Rh6+ 63. b6 Be5 64. Kb5 Rh1 65.
a4 Rb1+ 66. Ka6 Rc1 67. Kb5 Rb1+ 68. Kc6 Rc1 69. Kb5 Rb1+ 1/2-1/2

[Event "*** Titled Tuesday Blitz"]
[Site "Chess.com"]
[Date "2020.11.10"]
[Round "3"]
[White "KuzubovYuriy"]
[Black "asms9699"]
[Result "1-0"]
[WhiteElo "2830"]
[BlackElo "2558"]
[TimeControl "180+1"]
[EndTime "10:33:25 PST"]
[Termination "KuzubovYuriy won by resignation"]

1. d4 d5 2. c4 c6 3. Nf3 Nf6 4. Nc3 a6 5. cxd5 cxd5 6. Bf4 Nc6 7. e3 Bg4 8. Be2 Bxf3 9. Bxf3 e6 10. O-O Bd6 11. Bg5 O-O 12. Rc1 Rc8 13. Be2 Na5 14.
Bd3 h6 15. Bh4 Nc4 16. Qe2 b5 17. Rfd1 Be7 18. b3 Nb6 19. Qb2 Qd7 20. Bf1 Rc7 21.
Ne2 Rfc8 22. f3 Bd6 23. Be1 Rxc1 24. Rxc1 b4 25. Rxc8+ Qxc8 26. Nc1 a5 27. Nd3 Qc7 28. g3 Nfd7 29. Qc1 Qxc1 30. Nxc1 Kf8 31. Kf2 Ke7 32.
Ke2 g6 33. Nd3 f5 34. h3 Kf6 35. Bg2 Nc8 36. e4 Kf7 37. g4 Ne7 38. Bd2 g5 39. gxf5 exf5 40. e5 Bc7 41. h4 gxh4 42. f4 Nf8 43. Be3 Ne6 44. Ne1 Bb6 45. Nc2 h3 46.
Bxh3 Ng6 47. Bxf5 Ngxf4+ 48. Kf3 Ng6 49. Kg4 Ne7 50. Bd3 Nc6 51. Bxh6 Ncxd4 52. Nxd4 Bxd4 53. Kf5 Ng7+ 54. Kf4 Ne6+ 55. Kf5 Ng7+ 56. Bxg7 Kxg7 57. Ke6 Kf8 58. Kxd5 Bc3 59. Bc4 Ke7 60. e6 Bd2 61. Kc6 Bf4 62. Kb6 Bd6 63. Kxa5 Kd8 64. Ka4 Be7 65. a3 bxa3 66. b4 Kc7 67. Kxa3 Kb6 68. Kb3 Bd6 69. Kc3 Be7 70. b5 Kc5 71. Kd3 Bd8 72.
Ke4 Kd6 73. Kf5 Be7 74. Bd3 Bd8 75. Be4 Bh4 76. b6 Bd8 77. b7 Kc7 78. Kg6 Be7 79.
Kf7 Bd6 80. e7 1-0

[Event "*** Titled Tuesday Blitz"]
[Site "Chess.com"]
[Date "2020.11.10"]
[Round "3"]
[White "zajka-molotok"]
[Black "Chernov_Mikhail"]
[Result "1/2-1/2"]
[WhiteElo "2531"]
[BlackElo "2335"]
[TimeControl "180+1"]
[EndTime "10:33:26 PST"]
[Termination "Game drawn - insufficient material"]

1. c4 c5 2. Nc3 Nc6 3. g3 e5 4.
Bg2 g6 5. e3 Bg7 6. Nge2 Nge7 7. O-O O-O 8. Rb1 d6 9. a3 a5 10. Nd5 Nxd5 11. cxd5 Ne7 12. d4 exd4 13. exd4 c4 14.
Nc3 Bf5 15. Ra1 Bd3 16. Re1 Bxd4 17. Be4 Qb6 18. Be3 Bxe3 19. Rxe3 Nf5 20. Rxd3 cxd3 21. Bxf5 gxf5 22. Qxd3 Rfe8 23. Qxf5 Re5 24. Qg4+ Kh8 25. Rb1 Rae8 26. Qf4 Qc7 27. Qf6+ Kg8 28. Kg2 Qe7 29. Qf4 Qg5 30. Qxg5+ Rxg5 31. b4 axb4 32. Rxb4 Ra8 33. a4 Rb8 34. Ne4 Re5 35. f4 Re7 36. Nxd6 Rd7 37.
Ne4 Kg7 38. d6 f5 39. Nc5 Rxd6 40. Rxb7+ Rxb7 41. Nxb7 Rb6 42. Nc5 Rb2+ 43. Kh3 Rc2 44. Ne6+ Kf6 45. Nd4 Ra2 46. Nf3 Rxa4 47. Ne5 Ra2 48. Nf3 Kg6 49. Ne5+ Kh5 50. Nf3 Rf2 51. Nd4 Kg6 52. Nc6 Kf6 53. Ne5 Ke6 54. Nc6 Kd5 55.
Ne7+ Ke4 56. Ng8 Kf3 57. Nf6 h6 58. Ng8 h5 59. Nh6 Ke4 60. Nf7 Rd2 61. Ng5+ Ke3 62. Ne6 Kf2 63. Ng7 Kg1 64. Kh4 Rxh2+ 65. Kg5 Kg2 66. Nxf5 Rh3 67. Kf6 Rxg3 68. Nxg3 Kxg3 69. Kg5 h4 70. f5 h3 71. f6 h2 72. f7 h1=Q 73.
f8=Q Qh4+ 74. Kg6 Qg4+ 75. Kf7 Qf5+ 76. Kg8 Qxf8+ 77. Kxf8 1/2-1/2

[Event "*** Titled Tuesday Blitz"]
[Site "Chess.com"]
[Date "2020.11.10"]
[Round "3"]
[White "IANOV0007"]
[Black "frederiksvane"]
[Result "0-1"]
[WhiteElo "2433"]
[BlackElo "2697"]
[TimeControl "180+1"]
[EndTime "10:33:28 PST"]
[Termination "frederiksvane won on time"]

1. Nf3 Nf6 2. g3 c5 3. c4 Nc6 4. Nc3 g6 5. Bg2 d6 6. O-O Bg7 7. d4 cxd4 8. Nxd4 Bd7 9. Nc2 Qc8 10. Re1 Bh3 11. Bh1 h5 12. Bg5 Nh7 13. Be3 h4 14. Qd2 Nf8 15. c5 dxc5 16. Bxc5 Ne6 17. Be3 Kf8 18.
Rad1 Ne5 19. Na3 Ng4 20. Nd5 Be5 21. Rc1 Qb8 22. Bf4 hxg3 23. hxg3 g5 24. Bxe5 Qxe5 25.
Qc3 Rd8 26. Qxe5 Nxe5 27. Nc4 Nxc4 28. Rxc4 Bf5 29. Bg2 Bh3 30. e4 Bxg2 31. Kxg2 Rd7 32. Rc8+ Kg7 33. Rxh8 Kxh8 34. Rc1 Kg7 35. Rc8 f5 36. exf5 Rxd5 37. fxe6 Rb5 38. b3 Kf6 39. Rg8 Kxe6 40. Kf3 Kf5 41. Rf8+ Ke5 42. Kg4 Ke6 43. Rg8 Kf6 44. Rf8+ Ke6 45. f4 gxf4 46. gxf4 Ra5 47. a4 Rc5 48. Rb8 Rc7 49. b4 b6 50. b5 Rc4 51. a5 bxa5 52. b6 axb6 53. Rxb6+ Kf7 54.
Ra6 Rc5 55. f5 Rc4+ 56. Kg5 a4 57. Ra7 Rb4 58. Ra6 Rc4 59. Kh5 Rd4 60. Kg5 Rb4 61. Kh5 Ke8 62. Kg6 Kd7 63. Ra7+ Kd6 64. Ra6+ Kd7 65.
Ra7+ Kd6 66. Ra6+ Kc7 67. Ra7+ Kd8 68. Kf7 Re4 69. Ra8+ Kd7 70. Ra7+ Kd6 71. Ra6+ Ke5 0-1

[Event "*** Titled Tuesday Blitz"]
[Site "Chess.com"]
[Date "2020.11.10"]
[Round "3"]
[White "petrpalachev"]
[Black "andrzej"]
[Result "1-0"]
[WhiteElo "2734"]
[BlackElo "2363"]
[TimeControl "180+1"]
[EndTime "10:33:30 PST"]
[Termination "petrpalachev won by checkmate"]

1. d4 Nf6 2. Bf4 d5 3. e3 e6 4. Nf3 Bd6 5. Nbd2 c5 6. c3 Qc7 7.
Bxd6 Qxd6 8. Ne5 O-O 9. Bd3 b6 10. Qe2 Bb7 11. Rd1 Nbd7 12. f4 Rfe8 13. O-O Nf8 14. Ndf3 Qc7 15. Ng5 Re7 16. Rf3 Ne4 17. Rh3 f6 18. Nxh7 Nxh7 19. Qh5 fxe5 20. Qxh7+ Kf7 21.
fxe5 Ke8 22. Bb5+ Bc6 23. Qg8+ Kd7 24. Qxa8 Bxb5 25. Rh8 Bc6 26. Qf8 Bb7 27. Rf1 Qc8 28.
Qxc8+ Bxc8 29. Rff8 Bb7 30. Rd8+ Kc7 31. Rdf8 Kd7 32. h4 Ng3 33. Kf2 Nf5 34. h5 Nh6 35. Kf3 Nf7 36. Rhg8 Nh6 37. Rh8 Nf7 38. g4 Nxh8 39.
Rxh8 Rf7+ 40. Kg2 Bc6 41. Rg8 cxd4 42. exd4 Bb5 43. Kg3 Bd3 44. b3 Bb1 45. a3 Ba2 46.
b4 Bb1 47. g5 Kc6 48. g6 Re7 49. a4 a6 50. Rf8 b5 51. Rc8+ Kb7 52. Rf8 Kc6 53. Rf7 Kd7 54. axb5 axb5 55. Rf8 Re8 56.
Rf7+ Re7 57. Rf8 Re8 58. Rf1 Re7 59. Rxb1 Kc6 60. Ra1 Kb7 61. Ra5 Kb6 62. Ra8 Kb7 63. Rf8 Kb6 64. Rf7 Re8 65. Rxg7 Ra8 66. Rf7 Ra3 67.
g7 Rxc3+ 68. Rf3 Rc8 69. h6 Rc4 70. g8=Q Rxd4 71. Qxe6+ Kc7 72. Rf7+ Kd8 73. Qd7# 1-0

[Event "*** Titled Tuesday Blitz"]
[Site "Chess.com"]
[Date "2020.11.10"]
[Round "3"]
[White "JoachimMouhamad"]
[Black "Yashasd1995"]
[Result "0-1"]
[WhiteElo "2351"]
[BlackElo "2554"]
[TimeControl "180+1"]
[EndTime "10:33:34 PST"]
[Termination "Yashasd1995 won on time"]

1. e4 d5 2. exd5 Nf6 3. d4 Bg4 4. Nf3 Nxd5 5. Be2 e6 6. O-O Nc6 7. c4 Nb6 8. c5 Nd5 9. Nc3 Be7 10. h3 Bh5 11. Re1 O-O 12. Bc4 Bf6 13. g4 Bg6 14. Be3 h6 15. a3 Nce7 16. Kg2 b6 17.
Nxd5 exd5 18. Ba2 bxc5 19. dxc5 Bxb2 20. Bd4 Bxa1 21. Qxa1 f6 22. Nh4 Bf7 23. Bb1 Rb8 24. Re3 Nc6 25. Bb2 d4 26. Rd3 Bd5+ 27. Kg1 Re8 28.
Ba2 Qd7 29. Nf5 Qf7 30. Bxd5 Qxd5 31. Bxd4 Qe4 32. Rd1 Nxd4 33. Qxd4 Qxd4 34. Rxd4 Rbd8 35. Ra4 Re1+ 36. Kg2 Rd2 37. Rxa7 g6 38. Ng3 Re7 39. c6 Rc2 40. Ra6 Re6 41. Kf3 Rexc6 42. Ra7 R6c3+ 43. Kg2 Rb3 44. Ne4 Kf7 45. Ra5 Rbb2 46. Kf3 Ke6 47. a4 f5 48. Nc5+ Kd6 49. Nd3 Rb3 50. Ra6+ c6 51. Ke3 Rcc3 52. Ra8 Rxd3+ 53. Ke2 Kc5 54.
Rc8 Ra3 55. a5 Rdb3 56. Re8 Rb2+ 57. Kf1 Ra1+ 58. Kg2 Rxa5 59. gxf5 gxf5 60. Rf8 Kb6 61. Rb8+ Kc5 62. Rxb2 Kd5 63. Rc2 c5 64. Kf3 c4 65.
Ke3 Ra3+ 66. Kf4 Kd4 67. Kxf5 Rxh3 68. f4 Kd3 69. Rc1 c3 70. Kg6 Kd2 71. Rg1 c2 72. f5 Rf3 73. f6 h5 74. f7 h4 75.
Rg2+ Kc3 76. Rg1 Kb2 77. Rh1 c1=Q 78. Rxc1 Kxc1 0-1

[Event "*** Titled Tuesday Blitz"]
[Site "Chess.com"]
[Date "2020.11.10"]
[Round "3"]
[White "PaulfromSPb"]
[Black "ChessWarrior7197"]
[Result "0-1"]
[WhiteElo "2708"]
[BlackElo "3002"]
[TimeControl "180+1"]
[EndTime "10:33:37 PST"]
[Termination "ChessWarrior7197 won by resignation"]

1. d4 d5 2. Bf4 Nf6 3. e3 c5 4. c3 Nc6 5. Nd2 Qb6 6. Qc2 g6 7.
Ngf3 Bf5 8. Qc1 Rc8 9. dxc5 Qxc5 10. Be2 Bg7 11. h3 O-O 12. O-O Qb6 13. Bh2 Nd7 14.
Nh4 Be6 15. Nb3 Nc5 16. Nxc5 Qxc5 17. Qd2 Rfd8 18. Rfd1 b5 19. Rac1 b4 20. cxb4 Qxb4 21. Qxb4 Nxb4 22. Rxc8 Rxc8 23. a3 Rc2 24. Kf1 Na2 25.
Bf3 Rxb2 26. g4 d4 27. exd4 Nc3 28. Rc1 Bxd4 29. Bg3 Bc4+ 30. Kg2 e6 31. Bc6 Ba6 32. Nf3 Ne2 33. Rd1 Bf6 34. Be5 Bxe5 35. Nxe5 Nf4+ 36.
Kg3 g5 37. Rd8+ Kg7 38. Rd7 Rb3+ 39. f3 Rb2 40. Rxf7+ Kg8 41. Rxf4 gxf4+ 42. Kxf4 Bb5 43. Be4 Ra2 44. Kg5 Rxa3 45. Kh6 a5 46. Bxh7+ Kf8 47.
g5 Be8 48. h4 a4 49. h5 Bxh5 50. Kxh5 Kg7 51. Bc2 Ra2 52. Bd3 a3 53. Bc4 Re2 54.
f4 Re4 55. Bxe6 Rxf4 56. Ng4 Re4 57. Bd5 Rd4 58. Be6 Rd6 59. Bc4 Rd1 60. Nf6 Rh1+ 61.
Kg4 Rc1 62. Be6 Re1 63. Bd5 Rd1 64. Be6 Kg6 65. Bg8 Rd8 66. Kf4 Rxg8 67. Nxg8 a2 68.
Ne7+ Kf7 69. Nf5 a1=Q 70. Ne3 Qd4+ 71. Kf3 Kg6 72. Ng2 Kxg5 73. Ne3 Qf4+ 74. Ke2 Qe4 75. Kf2 Kh4 76. Ng2+ Kh3 77. Ne3 Qd3 78. Kf3 Qd4 79. Nf5 Qg4+ 0-1